 Dungeon Crawl Stone Soup version 0.28-a0-511-gcc94558de3 (webtiles) character file.

Game seed: 4768344758272930303

129 meatgazer the Unweaver (level 4, 0/37 HPs)
             Began as a Demonspawn Abyssal Knight on Sept 21, 2021.
             Was a Follower of Lugonu.
             Slain by an orc (2 damage)
             ... on level 3 of the Dungeon.
             The game lasted 00:04:51 (2441 turns).

meatgazer the Unweaver (Demonspawn Abyssal Knight)  Turns: 2441, Time: 00:04:52

Health: 0/37       AC: 12    Str: 14    XL:     4   Next: 88%
Magic:  7/7        EV:  9    Int: 13    God:    Lugonu [*.....]
Gold:   102        SH:  0    Dex: 14    Spells: 3/3 levels left

rFire   . . .      SeeInvis .   a - +2 falchion
rCold   . . .      Faith    .   (no shield)
rNeg    . . .      Spirit   .   f - +5 scale mail
rPois   .          Reflect  .   (no helmet)
rElec   .          Harm     .   (no cloak)
rCorr   .          Rampage  .   (no gloves)
Will    .....                   d - +0 pair of boots
Stlth   ..........              (no amulet)
HPRegen 0.12/turn               (no ring)
MPRegen 0.10/turn               (no ring)

@: studying Air Magic
A: big brain 1
a: Renounce Religion, Depart the Abyss


You were on level 3 of the Dungeon.
You worshipped Lugonu.
Lugonu was aware of your devotion.
You visited 1 branch of the dungeon, and saw 4 of its levels.
You visited the Abyss 1 time.

You collected 102 gold pieces.

Inventory:

Hand Weapons
 a - a +2 falchion (weapon)
 h - a +1 short sword of speed
Armour
 d - a +0 pair of boots (worn)
 f - a +5 scale mail (worn)
Magical Staves
 i - a staff of conjuration
Wands
 k - a wand of flame (20)
Scrolls
 b - 2 scrolls of identify
 g - a scroll of immolation
Potions
 c - a potion of curing {unknown}
 e - a potion of brilliance
 j - a potion of haste {unknown}


   Skills:
 + Level 3.6 Fighting
 + Level 2.5 Long Blades
 + Level 2.5 Armour
 - Level 0.8 Dodging
 * Level 4.6 Invocations


You had 3 spell levels left.
You didn't know any spells.
Your spell library contained the following spells:

 Spells                   Type           Power      Damage    Failure   Level
 Foxfire                  Conj/Fire      0%         2x1d4     78%         1
 Conjure Flame            Conj/Fire      0%         6-21      98%         3
 Inner Flame              Hex/Fire       0%         N/A       98%         3
 Portal Projectile        Hex/Tloc       0%         N/A       98%         3
 Flame Wave               Conj/Fire      0%         3d3       100%        4
 Blade Hands              Tmut           0%         N/A       100%        5
 Excruciating Wounds      Necr           0%         N/A       100%        5


Dungeon Overview and Level Annotations

Branches:
Dungeon (4/15)
 Temple: D:4-7

Altars:

Annotations:
D:3 Grinder


Innate Abilities, Weirdness & Mutations

You have an unusually large brain. (Int +2)


Message History

You can move again.
You barely miss the orc.
The orc hits you from afar with a +0 trident of freezing.
The orc freezes you.
* * * LOW HITPOINT WARNING * * *
The orc hits you but does no damage.
You closely miss Grinder.
Grinder is moderately wounded.
The orc hits you but does no damage.
Grinder blinks!
Grinder blinks!
You hit the orc.
The orc is heavily wounded.
The orc hits you but does no damage.
You hit the orc.
You kill the orc!
Lugonu accepts your kill.
You hit the orc.
The orc is lightly wounded.
The orc hits you with a +0 whip.
* * * LOW HITPOINT WARNING * * *
The orc barely misses you.
Your scale mail prevents you from hitting the orc.
The orc closely misses you. Grinder hits you but does no damage.
The orc hits you but does no damage. x2
You hit the orc.
The orc is heavily wounded.
Grinder blinks!
The orc hits you from afar with a +0 trident of freezing.
* * * LOW HITPOINT WARNING * * *
The orc freezes you.
* * * LOW HITPOINT WARNING * * *
The orc hits you but does no damage.
You closely miss the orc.
The orc is heavily wounded.
The orc hits you but does no damage. The orc barely misses you. x2
You hit the orc.
The orc is severely wounded.
The orc barely misses you.
The orc hits you from afar with a +0 trident of freezing.
You die...

#..#.# .......
######.#.# .......
#........# .......
#........# .......
#........# .......
#.......>##..o....
######.#..........
#5#.##oo.....
#@#..o.......
#o#.......###
#o#.##.#..#
#o#..#......
#o##.#?.#####
#o..5#..# ######


You could see Grinder and 5 orcs.

Vanquished Creatures
  A jelly (D:4)
  5 adders
  A dart slug (D:2)
  An orc (D:3)
  3 ball pythons
  4 endoplasms
  A giant cockroach (D:1)
  4 goblins
  4 hobgoblins
  4 quokkas
  3 bats
  4 frilled lizards
  11 kobolds
  4 rats
50 creatures vanquished.

Vanquished Creatures (others)
  4 starspawn tentacles (Abyss:2)
4 creatures vanquished.

Grand Total: 54 creatures vanquished

Notes
Turn   | Place    | Note
-------+----------+-------------------------------------------
     0 | Abyss:1  | meatgazer the Demonspawn Abyssal Knight began the quest for
                  | the Orb.
     0 | Abyss:1  | Reached XP level 1. HP: 18/18 MP: 2/2
    34 | Abyss:2  | Noticed a tentacled starspawn
    46 | Abyss:2  | Noticed a quasit
    54 | D:1      | Escaped the Abyss
   592 | D:1      | Reached skill level 3 in Invocations
   592 | D:1      | Gained mutation: You have an unusually large brain. (Int
                  | +2) [demonic ancestry]
   592 | D:1      | Reached XP level 2. HP: 24/24 MP: 2/4
   595 | D:1      | Reached * piety under Lugonu
   926 | D:2      | Reached XP level 3. HP: 26/29 MP: 5/5
  1378 | D:2      | You fall into a shaft and drop 2 floors!
  1388 | D:4      | Reached skill level 4 in Invocations
  1427 | D:4      | Reached XP level 4. HP: 8/35 MP: 7/7
  1720 | D:3      | Found a faded altar of an unknown god.
  2407 | D:3      | Noticed Grinder
  2427 | D:3      | Paralysed by Grinder for 3 turns
  2441 | D:3      | Slain by an orc

Illustrated notes

Levels and vault maps discovered:
D:1:      tarquinn_simple_flora_water_f, layout_basic,
          hangedman_decor_diamond_cutter, st_stairs_10
D:2:      layout_basic
D:3:      layout_basic, cheibrodos_sewer_entry_bend,
          hellmonk_ecumenical_altar_crossroads, kennysheep_small_spiral,
          uniq_ijyb, uniq_robin, uniq_grinder
D:4:      layout_loops_corners, nzn_hepliaklqana_mist_gate, uniq_menkaure

Skill      XL: |  1  2  3 |
---------------+----------+-----
Invocations    | 3 4 |  4.6
Long Blades    | 2 |  2.5
Armour         | 2 |  2.5
Fighting       | |  3.6
Dodging        | |  0.8

Action                   |  1- 3 |  4- 6 || total
-------------------------+-------+-------++-------
Melee: Falchion          |    79 |    63 ||   142
Invok: Depart the Abyss  |     1 |       ||     1
  Use: Scroll            |     5 |     1 ||     6
       Potion            |       |     1 ||     1
Armor: Scale mail        |    44 |    30 ||    74
       Leather armour    |     6 |       ||     6
Dodge: Dodged            |    48 |    33 ||    81

Table legend: (Time is in decaauts)
 A = Elapsed time spent in this place.
 B = Non-inter-level travel time spent in this place.
 C = Inter-level travel time spent in this place.
 D = Time resting spent in this place.
 E = Time spent auto-exploring this place.
 F = Levels seen in this place.
 G = Mean time per level.
                   A        B        C        D        E       F      G
               +--------+--------+--------+--------+--------+-----+--------+
         Total |   2467 |   2403 |     64 |    138 |   1819 |   6 |  411.2 |
       Dungeon |   2413 |   2349 |     64 |    138 |   1798 |   4 |  603.2 |
         Abyss |     53 |     53 |      0 |      0 |     21 |   2 |   26.5 |
               +--------+--------+--------+--------+--------+-----+--------+

Top non-repeatable levels by time:
     D:1: 864 daAuts
     D:2: 832 daAuts
     D:3: 597 daAuts
     D:4: 119 daAuts
 Abyss:2: 29 daAuts
 Abyss:1: 24 daAuts
